[ AOE2 MATCH · #479777819 ]
UnrankedBohemians vs Bohemians
[ REPLAY ANALYSIS · EXTRACTED FROM THE RECORDED GAME ]
Feudal
—
Castle
—
Imperial
—
| APM avg | 23.5 |
| APM peak | 59 |
| eAPM avg | 14.3 |
| Villagers / military | 145 / 92 |
Focus
⚔️ 18.1% · 🌾 81.9%
Hand Cannoneer ×49 · Skirmisher ×35 · Trade Cart ×9 · Bombard Cannon ×6 · Monk ×2
Feudal
11:30
Castle
15:03
Imperial
31:23
| APM avg | 25.0 |
| APM peak | 61 |
| eAPM avg | 15.9 |
| Villagers / military | 132 / 230 |
Focus
⚔️ 27.6% · 🌾 72.4%
Spearman ×215 · Bombard Cannon ×15 · Trade Cart ×11
Feudal
11:20
Castle
16:08
Imperial
34:41
| APM avg | 31.7 |
| APM peak | 77 |
| eAPM avg | 18.3 |
| Villagers / military | 151 / 116 |
Focus
⚔️ 26.4% · 🌾 73.6%
Leitis ×63 · Scout Cavalry ×29 · Knight ×19 · Monk ×4 · Spearman ×1
Feudal
11:03
Castle
14:43
Imperial
34:13
| APM avg | 41.6 |
| APM peak | 142 |
| eAPM avg | 14.7 |
| Villagers / military | 166 / 228 |
Focus
⚔️ 25.4% · 🌾 74.6%
Spearman ×192 · Serjeant ×27 · Trade Cart ×11 · Trebuchet (Packed) ×8 · Monk ×1
Feudal
11:03
Castle
15:22
Imperial
31:16
| APM avg | 42.1 |
| APM peak | 95 |
| eAPM avg | 20.6 |
| Villagers / military | 140 / 96 |
Focus
⚔️ 21.5% · 🌾 78.5%
Spearman ×52 · Mangonel ×44
Feudal
12:15
Castle
15:20
Imperial
30:35
| APM avg | 20.8 |
| APM peak | 63 |
| eAPM avg | 13.5 |
| Villagers / military | 143 / 131 |
Focus
⚔️ 31.0% · 🌾 69.0%
Ballista Elephant ×131
Feudal
—
Castle
—
Imperial
—
| APM avg | 25.7 |
| APM peak | 66 |
| eAPM avg | 18.5 |
| Villagers / military | 137 / 88 |
Focus
⚔️ 18.4% · 🌾 81.6%
Janissary ×79 · Bombard Cannon ×9
Feudal
11:27
Castle
17:30
Imperial
31:03
| APM avg | 57.7 |
| APM peak | 112 |
| eAPM avg | 37.4 |
| Villagers / military | 90 / 157 |
Focus
⚔️ 21.7% · 🌾 78.3%
Knight ×119 · Coustillier ×38 · Trade Cart ×19
Match map
Initial resources + every placement click. Lines = walls · curves = elevation contours. ◆ gold · ⬟ stone · ● berries · ✦ relic · ◌ wall gap
Your base· ✓ Closed at 14:01 · 0t walls · no gate
NoYc..'s base· Open — opponent sealed themselves in
ernesto97andre's base· ✓ Closed at 16:08 · 0t walls · no gate
CrimsonTyphoon's base· Open — opponent sealed themselves in
NPG | Awoken's base· ✓ Closed at 15:22 · 0t walls · no gate
heymaralejandro30's base· Open — opponent sealed themselves in
nahuelAOE2's base· ✓ Closed at 18:15 · 78t walls · no gate
Crusader's base· Open — opponent sealed themselves in
Smoothed initial terrain · ◌ = detected wall gap · hover for details
Inputs per minute
— KEVINLUCIANO631 - - NoYc..
Build order — KEVINLUCIANO631
First 150 of 318 actions detected
| 0:05 | Build | House |
| 0:07 | Build | House |
| 0:08 | Create | Villager (Male) |
| 0:08 | Create | Villager (Male) |
| 0:08 | Create | Villager (Male) |
| 0:09 | Create | Villager (Male) |
| 0:09 | Create | Villager (Male) |
| 0:09 | Create | Villager (Male) |
| 0:10 | Create | Villager (Male) |
| 0:10 | Create | Villager (Male) |
| 0:18 | Build | House |
| 1:33 | Create | Villager (Male) |
| 1:33 | Create | Villager (Male) |
| 2:22 | Create | Villager (Male) |
| 2:22 | Create | Villager (Male) |
| 2:35 | Research | Loom |
| 2:44 | Create | Villager (Male) |
| 2:44 | Create | Villager (Male) |
| 2:44 | Create | Villager (Male) |
| 2:59 | Create | Villager (Male) |
| 3:48 | Create | Villager (Male) |
| 3:48 | Create | Villager (Male) |
| 3:49 | Create | Villager (Male) |
| 3:49 | Create | Villager (Male) |
| 3:49 | Create | Villager (Male) |
| 4:39 | Build | Mill |
| 5:05 | Create | Villager (Male) |
| 5:05 | Create | Villager (Male) |
| 5:06 | Create | Villager (Male) |
| 5:42 | Build | House |
| 5:48 | Create | Villager (Male) |
| 6:18 | Create | Villager (Male) |
| 6:46 | Create | Villager (Male) |
| 7:33 | Create | Villager (Male) |
| 7:57 | Create | Villager (Male) |
| 7:59 | Create | Villager (Male) |
| 8:29 | Build | Lumber Camp |
| 8:37 | Research | Loom |
| 9:01 | Research | Feudal Age |
| 10:06 | Build | Barracks |
| 10:29 | Build | Barracks |
| 10:45 | Build | Mining Camp |
| 11:00 | Build | Mining Camp |
| 11:46 | Create | Villager (Male) |
| 11:53 | Build | House |
| 12:04 | Build | Blacksmith |
| 12:11 | Create | Villager (Male) |
| 12:19 | Build | House |
| 12:21 | Build | House |
| 13:02 | Build | Archery Range |
| 13:05 | Create | Villager (Male) |
| 13:13 | Create | Villager (Male) |
| 14:01 | Research | Castle Age |
| 14:09 | Build | House |
| 15:18 | Build | Farm |
| 15:18 | Build | Farm |
| 15:19 | Build | Farm |
| 15:19 | Build | Farm |
| 15:38 | Build | Farm |
| 15:48 | Build | House |
| 16:45 | Build | Town Center |
| 16:46 | Create | Villager (Male) |
| 16:47 | Create | Villager (Male) |
| 16:52 | Research | Double-Bit Axe |
| 17:02 | Create | Villager (Male) |
| 17:24 | Build | University |
| 17:28 | Create | Villager (Male) |
| 17:37 | Build | Farm |
| 17:58 | Create | Villager (Male) |
| 17:58 | Create | Villager (Male) |
| 18:11 | Build | Stone Wall |
| 18:14 | Create | Villager (Male) |
| 18:44 | Build | Monastery |
| 18:46 | Create | Villager (Male) |
| 18:54 | Build | Farm |
| 18:54 | Build | Farm |
| 18:55 | Build | Farm |
| 18:55 | Build | Farm |
| 18:55 | Build | Farm |
| 18:55 | Build | Farm |
| 19:11 | Create | Villager (Male) |
| 19:27 | Build | Market |
| 19:34 | Create | Monk |
| 19:50 | Build | House |
| 19:57 | Create | Villager (Male) |
| 19:57 | Create | Villager (Male) |
| 19:58 | Create | Villager (Male) |
| 20:04 | Build | Farm |
| 20:04 | Build | Farm |
| 20:04 | Build | Farm |
| 20:19 | Create | Villager (Male) |
| 20:20 | Create | Villager (Male) |
| 20:20 | Create | Villager (Male) |
| 20:57 | Create | Monk |
| 21:03 | Build | Farm |
| 21:08 | Research | Masonry |
| 21:20 | Build | House |
| 21:24 | Create | Villager (Male) |
| 21:25 | Create | Villager (Male) |
| 21:26 | Create | Villager (Male) |
| 21:26 | Create | Villager (Male) |
| 21:33 | Create | Villager (Male) |
| 21:48 | Build | House |
| 22:03 | Create | Villager (Male) |
| 22:03 | Create | Villager (Male) |
| 22:03 | Create | Villager (Male) |
| 22:03 | Create | Villager (Male) |
| 22:10 | Create | Villager (Male) |
| 22:11 | Create | Villager (Male) |
| 22:11 | Create | Villager (Male) |
| 22:11 | Create | Villager (Male) |
| 22:12 | Create | Villager (Male) |
| 22:12 | Create | Villager (Male) |
| 22:13 | Create | Villager (Male) |
| 22:14 | Build | House |
| 22:16 | Build | House |
| 22:17 | Build | House |
| 22:20 | Build | House |
| 22:39 | Build | Castle |
| 22:56 | Create | Villager (Male) |
| 22:58 | Research | Wheelbarrow |
| 23:13 | Build | Town Center |
| 23:24 | Create | Villager (Male) |
| 23:24 | Create | Villager (Male) |
| 23:24 | Create | Villager (Male) |
| 23:25 | Create | Villager (Male) |
| 24:13 | Research | Town Watch |
| 24:18 | Build | House |
| 24:19 | Build | House |
| 24:23 | Create | Villager (Male) |
| 24:23 | Create | Villager (Male) |
| 24:24 | Create | Villager (Male) |
| 24:24 | Create | Villager (Male) |
| 24:24 | Create | Villager (Male) |
| 24:24 | Create | Villager (Male) |
| 24:25 | Create | Villager (Male) |
| 24:25 | Create | Villager (Male) |
| 24:35 | Build | Farm |
| 24:35 | Build | Farm |
| 24:36 | Build | Farm |
| 24:36 | Build | Farm |
| 24:36 | Build | Farm |
| 25:11 | Create | Villager (Male) |
| 25:12 | Create | Villager (Male) |
| 25:12 | Create | Villager (Male) |
| 25:12 | Create | Villager (Male) |
| 25:13 | Create | Villager (Male) |
| 25:36 | Research | Chemistry |
| 25:43 | Build | House |
| 25:44 | Build | House |
Build order — NoYc..
First 150 of 362 actions detected
| 0:06 | Build | House |
| 0:08 | Build | House |
| 0:08 | Create | Villager (Male) ×4 |
| 1:32 | Create | Villager (Male) |
| 1:56 | Build | Lumber Camp |
| 2:28 | Create | Villager (Male) |
| 3:04 | Create | Villager (Male) |
| 3:04 | Create | Villager (Male) |
| 3:27 | Create | Villager (Male) |
| 3:33 | Build | House |
| 3:39 | Build | House |
| 4:04 | Create | Villager (Male) |
| 4:38 | Create | Villager (Male) |
| 4:57 | Create | Villager (Male) |
| 4:57 | Create | Villager (Male) |
| 5:21 | Create | Villager (Male) |
| 5:21 | Create | Villager (Male) |
| 5:51 | Create | Villager (Male) |
| 6:03 | Build | Mill |
| 6:05 | Create | Villager (Male) |
| 7:12 | Create | Villager (Male) |
| 7:23 | Build | Lumber Camp |
| 7:27 | Create | Villager (Male) |
| 8:17 | Create | Villager (Male) |
| 8:18 | Create | Villager (Male) |
| 8:29 | Build | House |
| 9:02 | Build | Mining Camp |
| 9:05 | Research | Feudal Age |
| 9:19 | Build | Farm |
| 9:20 | Build | Farm |
| 9:22 | Build | Farm |
| 10:02 | Create | Villager (Male) |
| 10:03 | Create | Villager (Male) |
| 11:30 | Age | Feudal Age |
| 11:32 | Build | Blacksmith |
| 11:36 | Build | Market |
| 12:23 | Research | Castle Age |
| 12:23 | Research | Castle Age |
| 12:23 | Research | Castle Age |
| 13:17 | Research | Double-Bit Axe |
| 13:18 | Research | Double-Bit Axe |
| 13:56 | Research | Horse Collar |
| 13:56 | Research | Horse Collar |
| 14:13 | Build | Farm |
| 14:14 | Build | Farm |
| 14:25 | Build | House |
| 14:40 | Create | Villager (Male) |
| 14:56 | Build | Farm |
| 14:58 | Build | Farm |
| 15:03 | Age | Castle Age |
| 15:10 | Build | Town Center |
| 15:12 | Build | Town Center |
| 15:32 | Create | Villager (Male) |
| 15:35 | Build | Farm |
| 16:03 | Build | Farm |
| 16:04 | Create | Villager (Male) |
| 16:04 | Create | Villager (Male) |
| 16:17 | Research | Bow Saw |
| 16:17 | Research | Bow Saw |
| 16:25 | Build | Farm |
| 16:26 | Build | Farm |
| 16:27 | Build | Farm |
| 16:28 | Build | Farm |
| 16:33 | Create | Villager (Male) |
| 16:35 | Build | Farm |
| 16:46 | Build | House |
| 16:49 | Build | House |
| 16:57 | Build | House |
| 17:00 | Build | House |
| 17:01 | Build | House |
| 17:03 | Create | Villager (Male) |
| 17:04 | Create | Villager (Male) |
| 17:06 | Create | Villager (Male) |
| 17:06 | Create | Villager (Male) |
| 17:10 | Build | Farm |
| 17:14 | Build | Farm |
| 17:17 | Build | Farm |
| 17:28 | Create | Villager (Male) |
| 17:29 | Create | Villager (Male) |
| 17:29 | Create | Villager (Male) |
| 17:42 | Build | Farm |
| 17:42 | Create | Villager (Male) |
| 17:42 | Create | Villager (Male) |
| 17:43 | Create | Villager (Male) |
| 17:46 | Build | Farm |
| 18:02 | Build | Farm |
| 18:03 | Create | Villager (Male) |
| 18:04 | Create | Villager (Male) |
| 18:09 | Create | Villager (Male) |
| 18:22 | Build | Farm |
| 18:23 | Build | Farm |
| 18:25 | Create | Villager (Male) |
| 18:25 | Create | Villager (Male) |
| 18:25 | Create | Villager (Male) |
| 18:29 | Build | Farm |
| 18:49 | Build | House |
| 18:50 | Create | Villager (Male) |
| 18:50 | Create | Villager (Male) |
| 18:51 | Create | Villager (Male) |
| 18:54 | Build | Farm |
| 19:05 | Build | Farm |
| 19:05 | Create | Villager (Male) |
| 19:05 | Create | Villager (Male) |
| 19:06 | Create | Villager (Male) |
| 19:14 | Build | Farm |
| 19:25 | Build | House |
| 19:31 | Create | Villager (Male) |
| 19:31 | Create | Villager (Male) |
| 19:31 | Create | Villager (Male) |
| 19:38 | Build | Farm |
| 19:39 | Build | Farm |
| 19:50 | Build | Farm |
| 20:06 | Create | Villager (Male) |
| 20:06 | Create | Villager (Male) |
| 20:06 | Create | Villager (Male) |
| 20:09 | Build | House |
| 20:10 | Build | House |
| 20:35 | Build | Town Center |
| 20:38 | Create | Villager (Male) |
| 20:38 | Create | Villager (Male) |
| 20:39 | Create | Villager (Male) |
| 20:39 | Create | Villager (Male) |
| 20:40 | Create | Villager (Male) |
| 20:41 | Create | Villager (Male) |
| 20:41 | Create | Villager (Male) |
| 20:47 | Build | Farm |
| 20:48 | Build | Farm |
| 21:05 | Create | Villager (Male) |
| 21:10 | Build | Farm |
| 21:16 | Build | House |
| 21:20 | Build | House |
| 21:21 | Build | House |
| 21:23 | Create | Villager (Male) |
| 21:23 | Create | Villager (Male) |
| 21:23 | Create | Villager (Male) |
| 21:36 | Research | Wheelbarrow |
| 21:37 | Research | Wheelbarrow |
| 21:41 | Create | Villager (Male) |
| 21:41 | Create | Villager (Male) |
| 21:41 | Create | Villager (Male) |
| 22:04 | Build | Farm |
| 22:13 | Build | Farm |
| 22:15 | Build | Farm |
| 22:16 | Build | Farm |
| 22:18 | Build | Farm |
| 22:19 | Build | Mill |
| 22:22 | Create | Villager (Male) |
| 22:23 | Create | Villager (Male) |
| 22:23 | Create | Villager (Male) |
| 22:32 | Build | Farm |
Build order — ernesto97andre
First 150 of 435 actions detected
| 0:01 | Create | Villager (Male) |
| 0:01 | Create | Villager (Male) |
| 0:02 | Build | House |
| 0:03 | Build | House |
| 0:07 | Create | Villager (Male) |
| 0:07 | Create | Villager (Male) |
| 0:08 | Create | Villager (Male) |
| 0:22 | Create | Villager (Male) |
| 1:30 | Create | Villager (Male) |
| 1:52 | Build | Lumber Camp |
| 2:07 | Create | Villager (Male) |
| 2:38 | Create | Villager (Male) |
| 2:38 | Create | Villager (Male) |
| 2:58 | Create | Villager (Male) |
| 2:59 | Create | Villager (Male) |
| 3:17 | Create | Villager (Male) |
| 3:50 | Build | House |
| 3:51 | Build | House |
| 4:35 | Create | Villager (Male) |
| 4:51 | Create | Villager (Male) |
| 4:53 | Create | Villager (Male) |
| 5:07 | Build | Mill |
| 5:08 | Create | Villager (Male) |
| 5:15 | Create | Villager (Male) |
| 6:47 | Create | Villager (Male) |
| 6:53 | Build | Mining Camp |
| 7:18 | Create | Villager (Male) |
| 7:28 | Create | Villager (Male) |
| 8:20 | Create | Villager (Male) |
| 8:23 | Create | Villager (Male) |
| 9:06 | Build | Farm |
| 9:09 | Research | Feudal Age |
| 9:21 | Build | Farm |
| 9:56 | Build | Farm |
| 10:09 | Build | Farm |
| 10:33 | Build | Barracks |
| 10:40 | Create | Villager (Male) |
| 11:11 | Create | Villager (Male) |
| 11:20 | Age | Feudal Age |
| 11:21 | Build | Blacksmith |
| 11:25 | Build | House |
| 11:44 | Build | House |
| 11:55 | Research | Double-Bit Axe |
| 12:33 | Build | Stable |
| 13:03 | Create | Villager (Male) |
| 13:10 | Build | Farm |
| 13:12 | Build | Farm |
| 13:17 | Build | Farm |
| 13:23 | Research | Castle Age |
| 13:28 | Build | House |
| 13:29 | Build | House |
| 13:32 | Research | Horse Collar |
| 13:47 | Build | Farm |
| 14:02 | Build | Farm |
| 14:17 | Research | Bloodlines |
| 14:19 | Research | Scale Barding Armor |
| 14:25 | Build | House |
| 14:44 | Create | Spearman |
| 14:52 | Build | Farm |
| 15:04 | Build | Stable |
| 15:47 | Create | Villager (Male) |
| 16:08 | Age | Castle Age |
| 16:12 | Build | Monastery |
| 16:19 | Create | Knight |
| 16:20 | Create | Knight |
| 16:20 | Create | Villager (Male) |
| 16:32 | Build | House |
| 16:34 | Build | House |
| 16:36 | Create | Villager (Male) |
| 16:41 | Research | Bow Saw |
| 16:44 | Create | Villager (Male) |
| 16:51 | Create | Knight |
| 17:00 | Create | Monk |
| 17:00 | Create | Monk |
| 17:18 | Create | Villager (Male) |
| 17:21 | Build | Lumber Camp |
| 17:22 | Create | Villager (Male) |
| 17:32 | Build | Farm |
| 17:39 | Research | Husbandry |
| 17:52 | Create | Villager (Male) |
| 18:12 | Create | Villager (Male) |
| 18:28 | Build | Town Center |
| 18:31 | Create | Villager (Male) |
| 18:41 | Create | Knight |
| 18:41 | Create | Knight |
| 19:01 | Create | Villager (Male) |
| 19:04 | Build | Farm |
| 19:21 | Build | Palisade Gate |
| 19:30 | Create | Villager (Male) |
| 19:30 | Create | Villager (Male) |
| 19:40 | Build | Farm |
| 19:43 | Build | Farm |
| 19:47 | Create | Villager (Male) |
| 20:00 | Build | Farm |
| 20:01 | Build | Farm |
| 20:10 | Create | Knight |
| 20:10 | Create | Knight |
| 20:20 | Create | Monk |
| 20:35 | Create | Knight |
| 20:36 | Create | Knight |
| 20:40 | Create | Villager (Male) |
| 20:42 | Create | Villager (Male) |
| 20:51 | Build | Farm |
| 20:53 | Build | Farm |
| 20:57 | Build | Farm |
| 21:04 | Build | Farm |
| 21:07 | Build | Farm |
| 21:09 | Create | Villager (Male) |
| 21:09 | Create | Villager (Male) |
| 21:14 | Build | House |
| 21:14 | Build | House |
| 21:15 | Build | House |
| 21:18 | Create | Knight |
| 21:32 | Create | Monk |
| 21:59 | Create | Knight |
| 22:02 | Create | Villager (Male) |
| 22:05 | Create | Villager (Male) |
| 22:08 | Build | Farm |
| 22:10 | Build | Farm |
| 22:13 | Build | Farm |
| 22:15 | Build | Farm |
| 22:16 | Create | Villager (Male) |
| 22:17 | Create | Villager (Male) |
| 22:21 | Build | House |
| 22:22 | Build | House |
| 22:22 | Build | House |
| 22:34 | Create | Knight |
| 22:34 | Create | Knight |
| 22:36 | Research | Loom |
| 22:37 | Create | Villager (Male) |
| 22:49 | Build | Mining Camp |
| 22:52 | Create | Villager (Male) |
| 23:03 | Create | Villager (Male) |
| 23:18 | Create | Villager (Male) |
| 23:19 | Create | Villager (Male) |
| 23:25 | Create | Villager (Male) |
| 23:35 | Build | Town Center |
| 23:54 | Build | Town Center |
| 24:01 | Create | Villager (Male) |
| 24:01 | Create | Villager (Male) |
| 24:06 | Create | Knight |
| 24:06 | Create | Knight |
| 24:17 | Create | Villager (Male) |
| 24:25 | Create | Villager (Male) |
| 24:27 | Create | Villager (Male) |
| 24:42 | Create | Villager (Male) |
| 24:47 | Build | Farm |
| 24:49 | Build | Farm |
| 24:56 | Research | Stone Mining |
| 24:56 | Research | Gold Mining |
Build order — CrimsonTyphoon
First 150 of 385 actions detected
| 0:01 | Create | Villager (Male) |
| 0:01 | Create | Villager (Male) |
| 0:01 | Create | Villager (Male) |
| 0:02 | Build | House |
| 0:09 | Build | House |
| 0:14 | Create | Villager (Male) |
| 0:14 | Create | Villager (Male) |
| 1:32 | Create | Villager (Male) |
| 1:32 | Create | Villager (Male) |
| 1:55 | Build | Lumber Camp |
| 2:09 | Create | Villager (Male) |
| 2:09 | Create | Villager (Male) |
| 2:38 | Create | Villager (Male) |
| 2:38 | Create | Villager (Male) |
| 3:02 | Create | Villager (Male) |
| 3:02 | Create | Villager (Male) |
| 3:18 | Create | Villager (Male) |
| 3:18 | Create | Villager (Male) |
| 3:34 | Build | House |
| 3:35 | Build | House |
| 3:49 | Create | Villager (Male) |
| 4:05 | Create | Villager (Male) |
| 4:05 | Create | Villager (Male) |
| 4:05 | Create | Villager (Male) |
| 4:19 | Build | Mill |
| 4:33 | Create | Villager (Male) |
| 4:33 | Create | Villager (Male) |
| 5:04 | Create | Villager (Male) |
| 5:04 | Create | Villager (Male) |
| 5:29 | Create | Villager (Male) |
| 5:38 | Create | Villager (Male) |
| 5:38 | Create | Villager (Male) |
| 6:07 | Create | Villager (Male) |
| 6:22 | Create | Villager (Male) |
| 6:22 | Create | Villager (Male) |
| 6:22 | Create | Villager (Male) |
| 6:45 | Create | Villager (Male) |
| 7:17 | Create | Villager (Male) |
| 7:42 | Create | Villager (Male) |
| 8:34 | Build | Mining Camp |
| 8:46 | Create | Villager (Male) |
| 8:50 | Research | Feudal Age |
| 9:34 | Create | Villager (Male) |
| 9:35 | Create | Villager (Male) |
| 9:44 | Build | House |
| 11:03 | Age | Feudal Age |
| 11:06 | Build | Market |
| 11:07 | Build | Blacksmith |
| 11:50 | Create | Villager (Male) |
| 12:03 | Research | Castle Age |
| 12:03 | Research | Castle Age |
| 12:03 | Research | Castle Age |
| 12:20 | Research | Double-Bit Axe |
| 13:43 | Build | Mining Camp |
| 14:05 | Build | Donjon |
| 14:11 | Create | Villager (Male) |
| 14:11 | Create | Villager (Male) |
| 14:43 | Age | Castle Age |
| 14:45 | Create | Villager (Male) |
| 14:51 | Build | Town Center |
| 15:10 | Build | Town Center |
| 15:29 | Build | House |
| 15:40 | Build | Farm |
| 15:43 | Build | Farm |
| 15:44 | Research | Horse Collar |
| 16:07 | Build | Farm |
| 16:07 | Build | Farm |
| 16:07 | Build | Farm |
| 16:07 | Build | Farm |
| 16:33 | Create | Villager (Male) |
| 16:33 | Create | Villager (Male) |
| 17:16 | Build | Farm |
| 17:19 | Create | Villager (Male) |
| 17:20 | Create | Villager (Male) |
| 17:22 | Build | Farm |
| 17:22 | Build | Farm |
| 17:22 | Build | Farm |
| 17:22 | Build | Farm |
| 17:23 | Build | Farm |
| 17:43 | Create | Villager (Male) |
| 17:43 | Create | Villager (Male) |
| 17:43 | Create | Villager (Male) |
| 17:45 | Build | Farm |
| 17:47 | Build | Farm |
| 18:02 | Create | Villager (Male) |
| 18:03 | Create | Villager (Male) |
| 18:14 | Create | Villager (Male) |
| 18:14 | Create | Villager (Male) |
| 18:14 | Create | Villager (Male) |
| 18:14 | Create | Villager (Male) |
| 18:15 | Create | Villager (Male) |
| 18:21 | Build | Farm |
| 18:24 | Build | Farm |
| 18:26 | Research | Loom |
| 18:30 | Build | Farm |
| 18:31 | Create | Villager (Male) |
| 18:32 | Create | Villager (Male) |
| 18:32 | Create | Villager (Male) |
| 18:45 | Create | Villager (Male) |
| 18:45 | Create | Villager (Male) |
| 18:45 | Create | Villager (Male) |
| 18:47 | Build | Farm |
| 18:59 | Build | Farm |
| 19:00 | Create | Villager (Male) |
| 19:00 | Create | Villager (Male) |
| 19:12 | Build | Farm |
| 19:13 | Create | Villager (Male) |
| 19:13 | Create | Villager (Male) |
| 19:20 | Create | Villager (Male) |
| 19:21 | Create | Villager (Male) |
| 19:37 | Create | Villager (Male) |
| 19:37 | Create | Villager (Male) |
| 19:37 | Create | Villager (Male) |
| 19:45 | Create | Villager (Male) |
| 19:45 | Create | Villager (Male) |
| 19:45 | Create | Villager (Male) |
| 20:24 | Create | Villager (Male) |
| 20:27 | Create | Villager (Male) |
| 20:30 | Build | Barracks |
| 20:36 | Build | House |
| 20:37 | Build | House |
| 20:38 | Create | Villager (Male) |
| 20:38 | Create | Villager (Male) |
| 20:38 | Create | Villager (Male) |
| 20:39 | Research | Town Watch |
| 20:44 | Build | Town Center |
| 20:57 | Create | Spearman |
| 21:00 | Build | House |
| 21:01 | Build | House |
| 21:03 | Create | Villager (Male) |
| 21:03 | Create | Villager (Male) |
| 21:03 | Create | Villager (Male) |
| 21:16 | Build | Lumber Camp |
| 21:20 | Create | Spearman |
| 21:37 | Create | Spearman |
| 21:37 | Research | Pikeman (upgrade) |
| 21:46 | Build | House |
| 21:47 | Build | House |
| 21:50 | Create | Villager (Male) |
| 21:50 | Create | Villager (Male) |
| 22:11 | Create | Villager (Male) |
| 22:11 | Create | Villager (Male) |
| 22:12 | Create | Villager (Male) |
| 22:12 | Create | Villager (Male) |
| 22:24 | Create | Villager (Male) |
| 22:24 | Create | Villager (Male) |
| 22:29 | Build | Mill |
| 22:30 | Build | Farm |
| 22:30 | Build | Farm |
| 22:30 | Build | Farm |
Build order — NPG | Awoken
First 150 of 405 actions detected
| 0:01 | Create | Villager (Male) |
| 0:01 | Create | Villager (Male) |
| 0:04 | Build | House |
| 0:05 | Build | House |
| 0:15 | Create | Villager (Male) ×2 |
| 0:15 | Create | Villager (Male) |
| 1:27 | Create | Villager (Male) |
| 1:51 | Build | Lumber Camp |
| 2:12 | Create | Villager (Male) |
| 2:20 | Create | Villager (Male) |
| 2:20 | Create | Villager (Male) |
| 2:48 | Create | Villager (Male) |
| 3:07 | Create | Villager (Male) |
| 3:08 | Create | Villager (Male) |
| 3:43 | Create | Villager (Male) |
| 3:43 | Create | Villager (Male) |
| 3:59 | Build | House |
| 4:00 | Build | House |
| 4:10 | Create | Villager (Male) |
| 4:10 | Create | Villager (Male) |
| 4:32 | Create | Villager (Male) |
| 5:08 | Create | Villager (Male) |
| 5:16 | Create | Villager (Male) |
| 5:17 | Create | Villager (Male) ×3 |
| 5:52 | Create | Villager (Male) |
| 6:21 | Create | Villager (Male) |
| 6:40 | Build | Mill |
| 7:23 | Create | Villager (Male) |
| 7:40 | Create | Villager (Male) |
| 8:08 | Build | Mining Camp |
| 8:22 | Create | Villager (Male) |
| 8:32 | Research | Feudal Age |
| 8:56 | Build | Farm |
| 9:09 | Build | Farm |
| 9:33 | Create | Villager (Male) |
| 9:34 | Create | Villager (Male) |
| 9:36 | Research | Loom |
| 9:42 | Build | Farm |
| 10:15 | Create | Villager (Male) |
| 10:23 | Build | Farm |
| 10:39 | Build | Farm |
| 11:03 | Age | Feudal Age |
| 11:06 | Build | Market |
| 11:08 | Build | House |
| 11:16 | Build | Blacksmith |
| 11:59 | Build | Farm |
| 12:09 | Build | Farm |
| 12:13 | Build | House |
| 12:22 | Research | Castle Age |
| 12:57 | Research | Double-Bit Axe |
| 12:57 | Research | Double-Bit Axe |
| 13:04 | Build | House |
| 13:36 | Build | House |
| 14:48 | Create | Villager (Male) |
| 14:48 | Create | Villager (Male) |
| 15:22 | Age | Castle Age |
| 15:24 | Build | Town Center |
| 15:38 | Build | Town Center |
| 15:40 | Create | Villager (Male) |
| 15:41 | Create | Villager (Male) |
| 15:51 | Build | Lumber Camp |
| 16:19 | Create | Villager (Male) |
| 16:26 | Create | Villager (Male) |
| 16:31 | Create | Villager (Male) |
| 16:32 | Create | Villager (Male) |
| 16:41 | Create | Villager (Male) |
| 16:45 | Create | Villager (Male) |
| 16:49 | Create | Villager (Male) |
| 16:49 | Create | Villager (Male) |
| 16:53 | Create | Villager (Male) |
| 16:55 | Create | Villager (Male) |
| 16:55 | Create | Villager (Male) |
| 17:00 | Research | Horse Collar |
| 17:15 | Build | House |
| 17:16 | Build | House |
| 17:18 | Build | House |
| 17:22 | Create | Villager (Male) |
| 17:23 | Create | Villager (Male) |
| 17:29 | Build | Farm |
| 17:29 | Build | Farm |
| 17:30 | Build | Farm |
| 17:30 | Build | Farm |
| 17:30 | Build | Farm |
| 17:30 | Build | Farm |
| 17:36 | Create | Villager (Male) |
| 17:37 | Create | Villager (Male) |
| 17:37 | Create | Villager (Male) |
| 17:48 | Create | Villager (Male) |
| 17:55 | Build | Farm |
| 18:03 | Build | Farm |
| 18:03 | Build | Farm |
| 18:04 | Build | Farm |
| 18:04 | Build | Farm |
| 18:04 | Build | Farm |
| 18:07 | Create | Villager (Male) |
| 18:07 | Create | Villager (Male) |
| 18:24 | Create | Villager (Male) |
| 18:31 | Create | Villager (Male) |
| 18:47 | Build | Siege Workshop |
| 18:49 | Create | Villager (Male) |
| 18:49 | Create | Villager (Male) |
| 18:56 | Build | Farm |
| 19:13 | Create | Villager (Male) |
| 19:17 | Research | Bow Saw |
| 19:17 | Research | Bow Saw |
| 19:20 | Create | Villager (Male) |
| 19:22 | Create | Villager (Male) |
| 19:32 | Create | Villager (Male) |
| 19:37 | Build | House |
| 19:39 | Build | House |
| 19:40 | Build | House |
| 19:41 | Build | House |
| 19:41 | Build | House |
| 19:41 | Build | House |
| 19:43 | Build | House |
| 19:44 | Build | House |
| 19:45 | Build | House |
| 19:48 | Create | Villager (Male) |
| 19:48 | Create | Villager (Male) |
| 19:48 | Create | Villager (Male) |
| 19:56 | Build | Lumber Camp |
| 20:09 | Create | Villager (Male) |
| 20:10 | Create | Villager (Male) |
| 20:22 | Build | Lumber Camp |
| 20:26 | Create | Villager (Male) |
| 20:28 | Create | Villager (Male) |
| 20:30 | Create | Villager (Male) |
| 20:35 | Build | Lumber Camp |
| 20:40 | Create | Villager (Male) |
| 20:44 | Build | House |
| 20:52 | Create | Villager (Male) |
| 21:13 | Build | Mill |
| 21:17 | Build | Farm |
| 21:18 | Build | Farm |
| 21:20 | Build | Farm |
| 21:21 | Build | Farm |
| 21:22 | Build | Farm |
| 21:24 | Build | Farm |
| 21:25 | Build | Farm |
| 21:28 | Build | Farm |
| 21:31 | Create | Villager (Male) |
| 21:33 | Create | Villager (Male) |
| 21:34 | Create | Villager (Male) |
| 21:36 | Create | Villager (Male) |
| 21:36 | Create | Villager (Male) |
| 21:41 | Build | Farm |
| 21:41 | Build | Farm |
| 21:42 | Build | Farm |
| 21:42 | Build | Farm |
| 21:42 | Build | Farm |
Build order — heymaralejandro30
First 150 of 427 actions detected
| 0:02 | Create | Villager (Male) |
| 0:02 | Create | Villager (Male) |
| 0:03 | Create | Villager (Male) |
| 0:03 | Create | Villager (Male) |
| 0:03 | Create | Villager (Male) |
| 0:05 | Build | House |
| 0:06 | Build | House |
| 1:36 | Create | Villager (Male) |
| 1:36 | Create | Villager (Male) |
| 1:46 | Build | Lumber Camp |
| 2:05 | Create | Villager (Male) |
| 2:20 | Create | Villager (Male) |
| 2:21 | Create | Villager (Male) |
| 2:55 | Create | Villager (Male) |
| 2:55 | Create | Villager (Male) |
| 3:07 | Create | Villager (Male) |
| 3:45 | Create | Villager (Male) |
| 3:45 | Create | Villager (Male) |
| 3:54 | Build | House |
| 4:11 | Create | Villager (Male) |
| 4:12 | Create | Villager (Male) |
| 4:25 | Build | Mill |
| 4:30 | Create | Villager (Male) |
| 4:30 | Create | Villager (Male) |
| 4:35 | Build | House |
| 4:35 | Build | House |
| 5:04 | Create | Villager (Male) |
| 5:05 | Create | Villager (Male) |
| 5:20 | Create | Villager (Male) |
| 5:21 | Create | Villager (Male) |
| 5:31 | Build | House |
| 5:32 | Build | House |
| 5:35 | Create | Villager (Male) |
| 5:35 | Create | Villager (Male) |
| 5:49 | Create | Villager (Male) |
| 6:24 | Create | Villager (Male) |
| 6:32 | Build | House |
| 6:34 | Build | House |
| 6:34 | Create | Villager (Male) |
| 6:35 | Create | Villager (Male) |
| 6:47 | Create | Villager (Male) |
| 7:05 | Create | Villager (Male) |
| 7:44 | Build | House |
| 7:45 | Build | House |
| 8:19 | Create | Villager (Male) |
| 8:42 | Create | Villager (Male) |
| 8:49 | Build | Mining Camp |
| 8:58 | Create | Villager (Male) |
| 9:05 | Create | Villager (Male) |
| 9:57 | Research | Feudal Age |
| 10:00 | Research | Loom |
| 12:15 | Age | Feudal Age |
| 12:17 | Research | Castle Age |
| 12:48 | Build | Farm |
| 12:50 | Build | Farm |
| 12:53 | Build | Farm |
| 12:55 | Build | Farm |
| 12:58 | Build | Farm |
| 13:49 | Research | Double-Bit Axe |
| 13:51 | Research | Horse Collar |
| 14:23 | Build | Mining Camp |
| 14:30 | Create | Villager (Male) |
| 15:20 | Age | Castle Age |
| 15:21 | Create | Villager (Male) |
| 15:21 | Create | Villager (Male) |
| 15:29 | Build | Town Center |
| 15:41 | Create | Villager (Male) |
| 15:51 | Build | Town Center |
| 15:58 | Build | Farm |
| 16:00 | Create | Villager (Male) |
| 16:16 | Create | Villager (Male) |
| 16:26 | Create | Villager (Male) |
| 17:00 | Create | Villager (Male) |
| 17:00 | Create | Villager (Male) |
| 17:03 | Research | Town Watch |
| 17:08 | Build | Farm |
| 17:08 | Build | Farm |
| 17:10 | Build | Farm |
| 17:13 | Build | Farm |
| 17:22 | Build | Farm |
| 17:25 | Build | Farm |
| 17:28 | Create | Villager (Male) |
| 17:42 | Create | Villager (Male) |
| 17:50 | Build | Farm |
| 17:56 | Create | Villager (Male) |
| 18:00 | Build | Farm |
| 18:22 | Create | Villager (Male) |
| 18:23 | Create | Villager (Male) |
| 18:35 | Create | Villager (Male) |
| 18:38 | Build | Farm |
| 18:39 | Build | Farm |
| 18:40 | Build | Farm |
| 18:41 | Create | Villager (Male) |
| 18:47 | Build | Farm |
| 18:48 | Build | Farm |
| 18:49 | Create | Villager (Male) |
| 19:06 | Create | Villager (Male) |
| 19:07 | Create | Villager (Male) |
| 19:28 | Build | Town Center |
| 19:30 | Create | Villager (Male) |
| 19:42 | Build | Stone Wall |
| 19:49 | Create | Villager (Male) |
| 20:07 | Create | Villager (Male) |
| 20:08 | Create | Villager (Male) |
| 20:22 | Create | Villager (Male) |
| 20:23 | Create | Villager (Male) |
| 20:24 | Create | Villager (Male) |
| 20:28 | Build | Farm |
| 20:29 | Build | Farm |
| 20:30 | Create | Villager (Male) |
| 20:53 | Create | Villager (Male) |
| 20:53 | Create | Villager (Male) |
| 20:54 | Create | Villager (Male) |
| 20:55 | Create | Villager (Male) |
| 20:58 | Build | Farm |
| 20:59 | Create | Villager (Male) |
| 21:00 | Create | Villager (Male) |
| 21:12 | Create | Villager (Male) |
| 21:13 | Create | Villager (Male) |
| 21:14 | Create | Villager (Male) |
| 21:33 | Create | Villager (Male) |
| 21:35 | Create | Villager (Male) |
| 21:38 | Build | Farm |
| 21:40 | Build | Farm |
| 21:42 | Build | Farm |
| 21:42 | Build | Farm |
| 21:49 | Create | Villager (Male) |
| 21:50 | Create | Villager (Male) |
| 21:51 | Create | Villager (Male) |
| 22:25 | Create | Villager (Male) |
| 22:27 | Create | Villager (Male) |
| 22:28 | Create | Villager (Male) |
| 22:35 | Build | University |
| 22:39 | Create | Villager (Male) |
| 22:40 | Create | Villager (Male) |
| 22:43 | Research | Wheelbarrow |
| 22:54 | Create | Villager (Male) |
| 22:54 | Create | Villager (Male) |
| 23:00 | Build | Farm |
| 23:01 | Build | Farm |
| 23:03 | Build | Farm |
| 23:04 | Build | Farm |
| 23:05 | Create | Villager (Male) |
| 23:06 | Create | Villager (Male) |
| 23:20 | Create | Villager (Male) |
| 23:21 | Create | Villager (Male) |
| 23:25 | Create | Villager (Male) |
| 23:43 | Build | House |
| 23:44 | Build | House |
| 23:44 | Build | House |
Build order — nahuelAOE2
First 150 of 370 actions detected
| 0:01 | Create | Villager (Male) |
| 0:01 | Create | Villager (Male) |
| 0:02 | Create | Villager (Male) |
| 0:02 | Create | Villager (Male) |
| 0:04 | Build | House |
| 0:10 | Research | Loom |
| 0:32 | Create | Villager (Male) |
| 0:32 | Create | Villager (Male) |
| 0:41 | Create | Villager (Male) |
| 1:41 | Create | Villager (Male) |
| 2:11 | Build | House |
| 2:30 | Create | Villager (Male) |
| 2:54 | Create | Villager (Male) |
| 2:58 | Build | Lumber Camp |
| 3:37 | Build | Palisade Wall |
| 3:40 | Create | Villager (Male) |
| 3:40 | Create | Villager (Male) |
| 4:15 | Create | Villager (Male) |
| 4:15 | Create | Villager (Male) |
| 4:46 | Build | House |
| 4:53 | Create | Villager (Male) |
| 5:02 | Build | Palisade Wall |
| 5:16 | Create | Villager (Male) |
| 5:21 | Build | Mill |
| 5:33 | Create | Villager (Male) |
| 5:54 | Create | Villager (Male) |
| 5:57 | Build | House |
| 6:23 | Build | Palisade Wall |
| 6:30 | Create | Villager (Male) |
| 6:31 | Create | Villager (Male) |
| 7:28 | Build | Palisade Wall |
| 7:34 | Build | Palisade Wall |
| 7:36 | Create | Villager (Male) |
| 7:38 | Create | Villager (Male) |
| 8:07 | Build | Mill |
| 8:14 | Build | House |
| 8:18 | Create | Villager (Male) |
| 8:40 | Build | Palisade Wall |
| 8:44 | Build | Palisade Wall |
| 8:47 | Build | Palisade Wall |
| 8:54 | Create | Villager (Male) |
| 9:18 | Research | Feudal Age |
| 10:11 | Build | Palisade Wall |
| 10:14 | Build | Palisade Wall |
| 10:25 | Build | Mining Camp |
| 11:07 | Build | House |
| 11:08 | Build | House |
| 11:10 | Build | House |
| 11:35 | Create | Villager (Male) |
| 11:36 | Create | Villager (Male) |
| 12:17 | Build | Stone Wall |
| 12:28 | Create | Villager (Male) |
| 12:29 | Create | Villager (Male) |
| 12:29 | Create | Villager (Male) |
| 12:34 | Build | Farm |
| 12:34 | Build | Farm |
| 12:35 | Build | Farm |
| 12:35 | Build | Farm |
| 12:47 | Create | Villager (Male) |
| 13:07 | Build | House |
| 13:24 | Build | Farm |
| 13:27 | Build | Farm |
| 13:31 | Build | House |
| 13:33 | Build | House |
| 13:40 | Build | Farm |
| 14:10 | Create | Villager (Male) |
| 14:15 | Build | Farm |
| 14:20 | Create | Villager (Male) |
| 14:30 | Build | Farm |
| 14:48 | Create | Villager (Male) |
| 14:53 | Build | Farm |
| 15:19 | Build | Stone Wall |
| 15:23 | Build | Stone Wall |
| 15:31 | Create | Villager (Male) |
| 15:41 | Build | Market |
| 15:46 | Create | Villager (Male) |
| 16:20 | Create | Villager (Male) |
| 16:25 | Build | Farm |
| 16:28 | Build | Farm |
| 16:47 | Create | Villager (Male) |
| 17:17 | Build | Blacksmith |
| 17:20 | Create | Villager (Male) |
| 17:26 | Build | Farm |
| 17:33 | Build | Farm |
| 17:42 | Build | Farm |
| 18:11 | Create | Villager (Male) |
| 18:15 | Research | Castle Age |
| 18:21 | Build | Farm |
| 18:26 | Build | Farm |
| 18:34 | Research | Horse Collar |
| 18:37 | Research | Double-Bit Axe |
| 18:46 | Build | Farm |
| 18:51 | Build | Farm |
| 19:28 | Build | Farm |
| 19:33 | Build | Farm |
| 19:37 | Build | Farm |
| 19:41 | Build | Farm |
| 19:44 | Build | Farm |
| 20:13 | Research | Gold Mining |
| 21:02 | Create | Villager (Male) |
| 21:03 | Create | Villager (Male) |
| 21:11 | Build | Lumber Camp |
| 21:49 | Build | Monastery |
| 21:54 | Create | Villager (Male) |
| 21:56 | Create | Villager (Male) |
| 21:57 | Create | Villager (Male) |
| 22:03 | Build | House |
| 22:26 | Build | Farm |
| 22:28 | Build | Farm |
| 23:06 | Build | University |
| 23:08 | Create | Villager (Male) |
| 23:10 | Create | Villager (Male) |
| 23:40 | Build | Farm |
| 23:48 | Research | Imperial Age |
| 25:15 | Build | Town Center |
| 26:06 | Build | Town Center |
| 26:43 | Create | Villager (Male) |
| 26:44 | Create | Villager (Male) |
| 26:44 | Create | Villager (Male) |
| 26:44 | Create | Villager (Male) |
| 26:44 | Create | Villager (Male) |
| 26:45 | Create | Villager (Male) |
| 26:45 | Create | Villager (Male) |
| 26:45 | Create | Villager (Male) |
| 26:45 | Create | Villager (Male) |
| 26:46 | Create | Villager (Male) |
| 26:46 | Create | Villager (Male) |
| 26:46 | Create | Villager (Male) |
| 26:46 | Create | Villager (Male) |
| 26:47 | Create | Villager (Male) |
| 26:47 | Create | Villager (Male) |
| 27:03 | Build | Mining Camp |
| 27:15 | Create | Villager (Male) |
| 27:16 | Create | Villager (Male) |
| 27:16 | Create | Villager (Male) |
| 27:16 | Create | Villager (Male) |
| 27:50 | Build | Siege Workshop |
| 27:58 | Create | Villager (Male) |
| 27:58 | Create | Villager (Male) |
| 27:58 | Create | Villager (Male) |
| 27:58 | Create | Villager (Male) |
| 27:59 | Create | Villager (Male) |
| 27:59 | Create | Villager (Male) |
| 27:59 | Create | Villager (Male) |
| 28:14 | Create | Villager (Male) |
| 28:15 | Create | Villager (Male) |
| 29:15 | Build | House |
| 29:17 | Build | House |
| 29:18 | Build | House |
| 29:37 | Create | Villager (Male) |
Build order — Crusader
First 150 of 406 actions detected
| 0:02 | Create | Villager (Male) |
| 0:02 | Research | Loom |
| 0:03 | Create | Villager (Male) |
| 0:03 | Create | Villager (Male) |
| 0:04 | Build | House |
| 0:05 | Build | House |
| 0:09 | Create | Villager (Male) |
| 0:09 | Create | Villager (Male) |
| 1:27 | Create | Villager (Male) |
| 1:27 | Create | Villager (Male) |
| 1:50 | Create | Villager (Male) |
| 1:54 | Build | Lumber Camp |
| 2:23 | Create | Villager (Male) |
| 2:56 | Create | Villager (Male) |
| 2:57 | Create | Villager (Male) |
| 3:02 | Build | House |
| 3:20 | Create | Villager (Male) |
| 3:38 | Create | Villager (Male) |
| 3:58 | Research | Double-Bit Axe |
| 4:16 | Create | Villager (Male) |
| 4:39 | Research | Loom |
| 4:54 | Create | Villager (Male) |
| 5:09 | Build | House |
| 5:16 | Create | Villager (Male) |
| 5:48 | Create | Villager (Male) |
| 5:55 | Create | Villager (Male) |
| 6:32 | Create | Villager (Male) |
| 6:55 | Build | Mill |
| 7:07 | Create | Villager (Male) |
| 7:19 | Create | Villager (Male) |
| 7:33 | Build | Outpost |
| 7:34 | Build | Farm |
| 7:39 | Build | Farm |
| 7:40 | Create | Villager (Male) |
| 7:42 | Research | Horse Collar |
| 7:45 | Build | House |
| 7:59 | Build | Farm |
| 8:08 | Build | Farm |
| 8:10 | Create | Villager (Male) |
| 8:39 | Create | Villager (Male) |
| 8:54 | Create | Villager (Male) |
| 9:15 | Research | Feudal Age |
| 9:43 | Build | Farm |
| 10:10 | Build | Farm |
| 10:12 | Build | Farm |
| 10:16 | Build | Farm |
| 10:19 | Build | Farm |
| 10:36 | Research | Wheelbarrow |
| 10:46 | Build | House |
| 10:50 | Build | House |
| 11:21 | Build | Farm |
| 11:22 | Build | Farm |
| 11:27 | Age | Feudal Age |
| 11:35 | Research | Bow Saw |
| 12:10 | Create | Villager (Male) |
| 12:21 | Research | Heavy Plow |
| 12:45 | Create | Villager (Male) |
| 12:55 | Build | Mining Camp |
| 13:06 | Create | Villager (Male) |
| 13:47 | Build | Market |
| 13:51 | Create | Villager (Male) |
| 14:01 | Create | Villager (Male) |
| 14:14 | Build | Blacksmith |
| 14:21 | Create | Villager (Male) |
| 14:43 | Create | Villager (Male) |
| 14:50 | Research | Castle Age |
| 14:57 | Research | Gold Mining |
| 15:50 | Build | Market |
| 16:00 | Create | Trade Cart |
| 16:00 | Create | Trade Cart |
| 16:09 | Create | Trade Cart |
| 16:30 | Research | Caravan |
| 16:39 | Create | Villager (Male) |
| 17:22 | Create | Trade Cart |
| 17:23 | Create | Trade Cart |
| 17:30 | Age | Castle Age |
| 17:33 | Create | Villager (Male) |
| 17:36 | Create | Trade Cart |
| 17:37 | Create | Trade Cart |
| 17:55 | Create | Villager (Male) |
| 18:00 | Build | Mining Camp |
| 18:01 | Create | Villager (Male) |
| 18:06 | Build | Mining Camp |
| 18:25 | Build | House |
| 18:28 | Build | House |
| 18:32 | Create | Villager (Male) |
| 18:54 | Create | Villager (Male) |
| 19:11 | Build | House |
| 19:32 | Build | Town Center |
| 19:38 | Create | Villager (Male) |
| 19:52 | Create | Villager (Male) |
| 20:09 | Create | Villager (Male) |
| 20:11 | Build | House |
| 20:27 | Build | Town Center |
| 20:36 | Create | Villager (Male) |
| 20:36 | Create | Villager (Male) |
| 20:45 | Create | Villager (Male) |
| 20:54 | Research | Gold Shaft Mining |
| 21:01 | Create | Villager (Male) |
| 21:07 | Create | Villager (Male) |
| 21:32 | Create | Villager (Male) |
| 21:32 | Create | Villager (Male) |
| 21:37 | Create | Villager (Male) |
| 21:50 | Build | Lumber Camp |
| 21:53 | Create | Villager (Male) |
| 21:58 | Create | Villager (Male) |
| 22:03 | Build | Farm |
| 22:14 | Create | Villager (Male) |
| 22:15 | Create | Villager (Male) |
| 22:26 | Create | Villager (Male) |
| 22:26 | Create | Villager (Male) |
| 22:35 | Create | Villager (Male) |
| 22:35 | Create | Villager (Male) |
| 22:48 | Create | Villager (Male) |
| 22:59 | Research | Crop Rotation |
| 23:07 | Create | Villager (Male) |
| 23:08 | Create | Villager (Male) |
| 23:13 | Build | Farm |
| 23:15 | Build | Farm |
| 23:17 | Create | Villager (Male) |
| 23:27 | Create | Villager (Male) |
| 23:31 | Create | Villager (Male) |
| 23:33 | Build | Farm |
| 23:34 | Build | Farm |
| 23:41 | Build | House |
| 23:43 | Build | House |
| 23:47 | Create | Villager (Male) |
| 23:47 | Create | Villager (Male) |
| 23:58 | Create | Villager (Male) |
| 24:00 | Create | Villager (Male) |
| 24:01 | Create | Trade Cart |
| 24:03 | Create | Trade Cart |
| 24:15 | Build | House |
| 24:16 | Build | House |
| 24:17 | Build | House |
| 24:23 | Create | Villager (Male) |
| 24:23 | Create | Villager (Male) |
| 24:24 | Create | Villager (Male) |
| 24:26 | Build | Farm |
| 24:31 | Build | House |
| 24:31 | Build | House |
| 24:39 | Create | Villager (Male) |
| 24:50 | Build | Castle |
| 24:57 | Create | Villager (Male) |
| 24:58 | Create | Villager (Male) |
| 24:59 | Build | Farm |
| 25:03 | Build | Farm |
| 25:05 | Create | Villager (Male) |
| 25:10 | Create | Villager (Male) |
| 25:13 | Research | Stone Mining |
Match timeline
| 3:37 | nahuelAOE2 · wall_segment Palisade Wall x15 |
| 5:02 | nahuelAOE2 · wall_segment Palisade Wall x4 |
| 6:23 | nahuelAOE2 · wall_segment Palisade Wall x5 |
| 7:28 | nahuelAOE2 · wall_segment Palisade Wall x1 |
| 7:34 | nahuelAOE2 · wall_segment Palisade Wall x3 |
| 8:40 | nahuelAOE2 · wall_segment Palisade Wall x4 |
| 8:44 | nahuelAOE2 · wall_segment Palisade Wall x3 |
| 8:47 | nahuelAOE2 · wall_segment Palisade Wall x5 |
| 10:06 | KEVINLUCIANO631 · first_building Barracks |
| 10:11 | nahuelAOE2 · wall_segment Palisade Wall x4 |
| 10:14 | nahuelAOE2 · wall_segment Palisade Wall x3 |
| 10:33 | ernesto97andre · first_building Barracks |
| 11:03 | CrimsonTyphoon · age_up feudal |
| 11:03 | NPG | Awoken · age_up feudal |
| 11:20 | ernesto97andre · age_up feudal |
| 11:27 | Crusader · age_up feudal |
| 11:30 | NoYc.. · age_up feudal |
| 12:15 | heymaralejandro30 · age_up feudal |
| 12:17 | nahuelAOE2 · wall_segment Stone Wall x21 |
| 12:33 | ernesto97andre · first_building Stable |
| 13:02 | KEVINLUCIANO631 · first_building Archery Range |
| 14:05 | CrimsonTyphoon · first_building Donjon |
| 14:43 | CrimsonTyphoon · age_up castle |
| 14:50 | Crusader · first_market_sell 100 food |
| 15:00 | CrimsonTyphoon · first_market_sell 100 wood |
| 15:03 | NoYc.. · age_up castle |
| 15:03 | CrimsonTyphoon · first_market_buy 100 stone |
| 15:19 | nahuelAOE2 · wall_segment Stone Wall x5 |
| 15:20 | heymaralejandro30 · age_up castle |
| 15:22 | NPG | Awoken · age_up castle |
| 15:23 | nahuelAOE2 · wall_segment Stone Wall x8 |
| 16:08 | ernesto97andre · age_up castle |
| 16:10 | NoYc.. · first_market_buy 100 wood |
| 16:12 | ernesto97andre · first_building Monastery |
| 16:39 | nahuelAOE2 · first_market_buy 100 food |
| 17:30 | Crusader · age_up castle |
| 18:11 | KEVINLUCIANO631 · wall_segment Stone Wall x37 |
| 18:44 | KEVINLUCIANO631 · first_building Monastery |
| 18:47 | NPG | Awoken · first_building Siege Workshop |
| 19:30 | Crusader · first_market_buy 100 wood |
| 19:42 | heymaralejandro30 · wall_segment Stone Wall x26 |
| 20:30 | CrimsonTyphoon · first_building Barracks |
| 21:42 | nahuelAOE2 · first_market_sell 100 stone |
| 21:49 | nahuelAOE2 · first_building Monastery |
| 22:07 | KEVINLUCIANO631 · first_market_buy 500 food |
| 22:39 | KEVINLUCIANO631 · first_building Castle |
| 24:45 | NoYc.. · first_building Castle |
| 24:50 | Crusader · first_building Castle |
| 25:10 | heymaralejandro30 · first_building Castle |
| 26:37 | NoYc.. · first_building Siege Workshop |
| 27:23 | Crusader · first_building Barracks |
| 27:28 | NoYc.. · first_market_sell 100 wood |
| 27:50 | KEVINLUCIANO631 · first_market_sell 100 stone |
| 27:50 | nahuelAOE2 · first_building Siege Workshop |
| 28:07 | heymaralejandro30 · first_building Stable |
| 28:07 | NoYc.. · first_building Barracks |
| 28:21 | CrimsonTyphoon · first_building Stable |
| 28:30 | Crusader · first_building Stable |
| 29:32 | Crusader · first_building Siege Workshop |
| 29:56 | NPG | Awoken · first_building Castle |
| 29:59 | KEVINLUCIANO631 · first_building Siege Workshop |
| 30:01 | nahuelAOE2 · first_building Castle |
| 30:18 | CrimsonTyphoon · first_building Monastery |
| 30:34 | ernesto97andre · first_building Castle |
| 30:35 | heymaralejandro30 · age_up imperial |
| 30:58 | KEVINLUCIANO631 · wall_segment Stone Wall x24 |
| 31:03 | Crusader · age_up imperial |
| 31:16 | NPG | Awoken · age_up imperial |
| 31:23 | NoYc.. · age_up imperial |
| 31:43 | KEVINLUCIANO631 · wall_segment Stone Wall x2 |
| 32:33 | CrimsonTyphoon · first_building Castle |
| 33:14 | NPG | Awoken · first_market_sell 100 food |
| 34:13 | CrimsonTyphoon · age_up imperial |
| 34:41 | ernesto97andre · age_up imperial |
| 40:29 | NPG | Awoken · first_building Barracks |
| 43:57 | nahuelAOE2 · tribute_sent a jugador 1 |
| 43:57 | nahuelAOE2 · tribute_sent a jugador 2 |
| 43:57 | nahuelAOE2 · tribute_sent a jugador 3 |
| 43:57 | nahuelAOE2 · tribute_sent a jugador 4 |
| 43:57 | nahuelAOE2 · tribute_sent a jugador 5 |
| 43:57 | nahuelAOE2 · tribute_sent a jugador 7 |
| 43:57 | nahuelAOE2 · tribute_sent a jugador 8 |
| 44:18 | ernesto97andre · resign |
[ AI ANALYSIS · 1 CREDIT ]
What really happened in this match?
Wolo.gg analyzes every decision: build order, eco, micro, common mistakes by bracket. Personalized analysis on WhatsApp or Discord in 30 seconds.
Civ guide
Bohemians
Perfil
KEVINLUCIANO631